 Dungeon Crawl Stone Soup version 0.32-a0-818-gb728d0252e (webtiles) character file.

Game seed: 4972707238090526567

16402 smashvw the Bludgeoner (level 12, -1/110 HPs)
             Began as a Minotaur Fighter on Mar 23, 2024.
             Was a High Priest of Okawaru.
             Slain by an elephant (9 damage)
             ... on level 1 of the Lair of Beasts.
             The game lasted 00:32:00 (11103 turns).

smashvw the Bludgeoner (Minotaur Fighter)          Turns: 11103, Time: 00:32:00

Health: -1/110     AC: 23    Str: 24    XL:     12   Next: 9%
Magic:  14/14      EV:  6    Int:  7    God:    Okawaru [*****.]
Gold:   2113       SH:  5    Dex: 16    Spells: 11/11 levels left

rFire   . . .        R - +2 whip (vamp)
rCold   . . .        c - +0 buckler
rNeg    . . .        p - +0 plate armour
rPois   .            (helmet restricted)
rElec   .            a - +2 cloak of Creativity {Str+2 Int+2}
rCorr   .            (no gloves)
SInv    .            (no boots)
Will    .....        v - amulet of the acrobat Stlth
                     i - +4 ring of protection
HPRegen 0.38/turn    o - +6 ring of dexterity
MPRegen 0.14/turn

%: acrobat
@: studying Armour
A: horns 2, retaliatory headbutt, dopey 1, weak 1
a: Renounce Religion, Heroism, Finesse, Duel


You were on level 1 of the Lair of Beasts.
You worshipped Okawaru.
Okawaru was extremely pleased with you.
You visited 3 branches of the dungeon, and saw 14 of its levels.
You also visited: Sewer.

You collected 2113 gold pieces.

Inventory:

Hand Weapons
 M - a +2 whip of flaming
 R - a +2 vampiric whip (weapon)
Missiles
 f - 3 silver javelins (quivered)
 j - 83 stones
 m - 5 curare-tipped darts
 B - 18 poisoned darts
 G - 3 atropa-tipped darts
 I - 5 boomerangs
Armour
 a - the +2 cloak of Creativity (worn) {Str+2 Int+2}
   (You found it on level 4 of the Dungeon)

   Str+2:     It affects your strength (+2).
   Int+2:     It affects your intelligence (+2).
 b - a +0 scale mail
 c - a +0 buckler (worn)
 p - a +0 plate armour (worn)
 U - a +3 scale mail
Jewellery
 i - a +4 ring of protection (left hand)
 o - a +6 ring of dexterity (right hand)
 s - a ring of flight
 u - a ring of willpower
 v - an amulet of the acrobat (around neck)
 A - a ring of protection from fire
 L - an amulet of guardian spirit
 O - a ring of magical power
 P - a ring of fire
 Z - an amulet of magic regeneration
Wands
 d - a wand of iceblast (27)
 x - a wand of polymorph (20)
 E - a wand of quicksilver (5)
 Q - a wand of paralysis (12)
 W - a wand of mindburst (8)
Scrolls
 h - 2 scrolls of fog
 k - 3 scrolls of teleportation
 q - a scroll of enchant armour
 y - a scroll of blinking
 K - 2 scrolls of immolation {unknown}
 N - 7 scrolls of revelation
 S - a scroll of silence {unknown}
 T - a scroll of torment {unknown}
Potions
 e - 2 potions of enlightenment
 g - a potion of resistance {unknown}
 l - a potion of curing {unknown}
 n - a potion of ambrosia {unknown}
 r - a potion of invisibility {unknown}
 t - 3 potions of attraction
 w - 2 potions of brilliance
 z - a potion of heal wounds {unknown}
 C - 3 potions of mutation
 D - a potion of haste
 F - 2 potions of magic {unknown}
 H - a potion of berserk rage {unknown}
 J - a potion of degeneration {unknown}
 V - a potion of lignification {unknown}
 X - a potion of might
 Y - a potion of cancellation {unknown}


   Skills:
 + Level 11.4 Fighting
 - Level 16.0 Maces & Flails
 + Level 1.1 Throwing
 + Level 12.6 Armour
 - Level 5.0 Shields
 + Level 4.5 Invocations
 + Level 4.1 Evocations


You had 11 spell levels left.
You didn't know any spells.
Your spell library contained the following spells:

 Spells                   Type           Power      Damage    Failure   Level
 Inner Flame              Hex/Fire       0%         N/A       100%        3
 Passwall                 Erth           0%         N/A       100%        3
 Volatile Blastmotes      Fire/Tloc      0%         2d10      100%        3
 Irradiate                Conj/Alch      0%         3d11      100%        5
 Bombard                  Conj/Erth      0%         9d1       100%        6
 Ignition                 Fire           0%         3d3       100%        8


Dungeon Overview and Level Annotations

Branches:
Dungeon (12/15)            Temple (1/1) D:7            Lair (1/5) D:11
    Orc (0/2) D:11          Sewer (visited)

Altars:
Ashenzari
Cheibriados
Dithmenos
Elyvilon
Fedhas
Gozag
Hepliaklqana
Kikubaaqudgha
Makhleb
Nemelex Xobeh
Okawaru
Qazlal
Ru
Sif Muna
Trog
Uskayaw
Vehumet
Wu Jian
Xom
Yredelemnul
Zin
The Shining One

Shops:
D:3 *   D:7 (

Annotations:
D:3 1 runed translucent door, Crazy Yiuf
D:5 2 transporters, Azoth's ghost, novice HuHu
D:7 2 transporters
D:11 2 runed translucent doors, AutarchDCSS's ghost, journeyman CoHu


Innate Abilities, Weirdness & Mutations

You have a pair of horns on your head.
You reflexively headbutt those who attack you in melee.
You are dopey. (Int -2)
You are weak. (Str -2)


Message History

You block the elephant's attack. x2
You whack the elephant!
You feel better.
The elephant is heavily wounded.
You hit the elephant but do no damage.
The elephant is heavily wounded.
The elephant tramples you!
* * * LOW HITPOINT WARNING * * *
You hold your ground!
The elephant trunk-slaps you but does no damage.
The elephant barely misses you. You furiously retaliate!
You headbutt the elephant!
The elephant trunk-slaps you but does no damage.
The elephant tramples you.
* * * LOW HITPOINT WARNING * * *
You hold your ground!
The elephant trunk-slaps you but does no damage.
The elephant tramples you!
* * * LOW HITPOINT WARNING * * *
You hold your ground!
The elephant trunk-slaps you.
* * * LOW HITPOINT WARNING * * *
Aiming: Duel (63% risk of failure)
Press: ? - help, Dir - move target, f - elephant
Aim: an elephant (moderately wounded)
You fail to use your ability.
The elephant tramples you but does no damage.
The elephant trunk-slaps you but does no damage.
The elephant tramples you but does no damage.
You block the elephant's attack. x2
The elephant trunk-slaps you but does no damage.
The elephant tramples you but does no damage.
The elephant trunk-slaps you but does no damage.
You whack the elephant!
You feel better.
You headbutt the elephant.
The elephant is heavily wounded.
You hit the elephant but do no damage. You headbutt the elephant!
The elephant is severely wounded.
The elephant tramples you!
* * * LOW HITPOINT WARNING * * *
You hold your ground!
You block the elephant's attack. The elephant tramples you!
You die...

##########
##........##
#..........#
#.........#
#.(......#
#.YY.....#
#..@.....#
#..YY....#
#........#
#........#
#.....^..#
..........#
#.........##
##........#
#........#


You could see 4 elephants.

Vanquished Creatures
  2 centaur warriors
  A boulder beetle (D:10)
  4 two-headed ogres
  Pikel (D:6)
  2 elephants
  2 orange demons (D:11)
  A cane toad (Lair:1)
  A komodo dragon (D:11)
  Grinder (D:5)
  3 hornets
  3 trolls
  8 yaks
  A wraith (D:10)
  2 shadows (D:11)
  A spriggan (shapeshifter) (D:7)
  2 vampires
  3 wyverns
  Grum (D:8)
  A chaos spawn (D:10)
  A neqoxec (D:10)
  4 water moccasins
  4 ice beasts (D:6)
  4 black bears
  An orc warrior (D:7)
  A crocodile (Sewer)
  5 ogres
  A laughing skull (D:7)
  2 sky beasts
  3 wolves
  6 centaurs
  2 kobold brigands
  A phantom (D:6)
  A brain worm (Sewer)
  4 bullfrogs
  A gnoll sergeant (D:5)
  5 scorpions
  4 wights
  11 killer bees
  8 howler monkeys
  A bombardier beetle (D:3)
  A crimson imp (D:11)
  4 hounds
  2 gnoll boudas
  5 orc priests
  A jelly (D:6)
  Ijyb (D:3)
  3 iguanas
  Terence (D:3)
  4 sleepcaps
  6 orc wizards
  3 bullfrog simulacra (D:6)
  11 gnolls
  7 adders
  2 shadow imps
  6 white imps
  2 ufetubi
  The ghost of DeathSocks the Sneak, a weakling DsDe (D:6)
  2 dart slugs
  2 ribbon worms
  35 orcs
  7 bats
  6 endoplasms
  5 giant cockroaches
  2 goblins (D:1)
  8 hobgoblins
  6 jackals
  7 quokkas
  6 ball pythons
  3 frilled lizards
  9 kobolds
  6 rats
274 creatures vanquished.

Vanquished Creatures (others)
  A human (D:3)
  An orc wizard (D:5)
2 creatures vanquished.

Grand Total: 276 creatures vanquished

Notes
Turn   | Place    | Note
-------+----------+-------------------------------------------
     0 | D:1      | smashvw the Minotaur Fighter began the quest for the Orb.
     0 | D:1      | Reached XP level 1. HP: 19/19 MP: 0/0
   256 | D:1      | Reached XP level 2. HP: 24/27 MP: 1/1
   915 | D:2      | Found a sparkling altar of Nemelex Xobeh.
  1082 | D:2      | Reached skill level 3 in Maces & Flails
  1123 | D:2      | Reached XP level 3. HP: 33/33 MP: 2/2
  1450 | D:3      | Reached XP level 4. HP: 40/40 MP: 3/3
  1461 | D:3      | Noticed Ijyb
  1471 | D:3      | Killed Ijyb
  1528 | D:3      | Noticed Terence
  1546 | D:3      | Killed Terence
  1651 | D:3      | Found a faded altar of an unknown god.
  1807 | D:3      | Found a glowing drain.
  1811 | D:3      | Reached skill level 5 in Shields
  1819 | D:3      | Reached XP level 5. HP: 47/47 MP: 4/4
  1821 | Sewer    | Entered a sewer
  1846 | Sewer    | Reached skill level 4 in Maces & Flails
  1863 | Sewer    | Noticed a crocodile
  1876 | Sewer    | Killed a crocodile
  1877 | Sewer    | Reached skill level 5 in Fighting
  1877 | Sewer    | Reached skill level 5 in Armour
  1877 | Sewer    | Reached XP level 6. HP: 28/56 MP: 5/5
  2043 | D:3      | Found Geak's General Store.
  2112 | D:3      | Found an ancient bone altar of Kikubaaqudgha.
  2112 | D:3      | Noticed a human
  2115 | D:3      | Killed a human
  2424 | D:3      | Found a runed translucent door.
  2425 | D:3      | Noticed Crazy Yiuf
  2796 | D:4      | Identified the +2 cloak of Creativity {Str+2 Int+2}
  2897 | D:4      | Reached skill level 5 in Maces & Flails
  3189 | D:4      | Found an opulent altar of Gozag.
  3316 | D:5      | Entered Level 5 of the Dungeon
  3323 | D:5      | Reached XP level 7. HP: 55/63 MP: 6/6
  3478 | D:5      | Reached skill level 6 in Maces & Flails
  3678 | D:5      | Reached XP level 8. HP: 15/73 MP: 7/7
  4110 | D:5      | Reached skill level 7 in Maces & Flails
  4186 | D:5      | Found a transporter.
  4188 | D:5      | Noticed Azoth's ghost (novice HuHu)
  4189 | D:5      | Found a transporter.
  4366 | D:5      | Noticed Grinder
  4374 | D:5      | Paralysed by Grinder for 3 turns
  4380 | D:5      | Killed Grinder
  4650 | D:6      | Noticed Pikel
  4665 | D:6      | Killed Pikel
  4666 | D:6      | Reached skill level 8 in Maces & Flails
  4666 | D:6      | Reached XP level 9. HP: 82/82 MP: 8/8
  5054 | D:6      | Found a runed translucent gate.
  5054 | D:6      | Found a runed translucent gate.
  5061 | D:6      | Found a runed translucent gate.
  5088 | D:6      | Noticed DeathSocks's ghost (weakling DsDe)
  5308 | D:6      | Found a blossoming altar of Fedhas.
  5484 | D:6      | Found a shimmering blue altar of Sif Muna.
  5494 | D:6      | Reached skill level 9 in Maces & Flails
  5623 | D:6      | Killed DeathSocks's ghost
  5701 | D:7      | Reached skill level 10 in Fighting
  5709 | D:7      | Reached skill level 10 in Armour
  5720 | D:7      | Reached skill level 10 in Maces & Flails
  5904 | D:7      | Found a transporter.
  6039 | D:7      | Noticed a two-headed ogre
  6042 | D:7      | Reached skill level 11 in Maces & Flails
  6042 | D:7      | Reached XP level 10. HP: 93/93 MP: 9/9
  6045 | D:7      | Killed a two-headed ogre
  6077 | D:7      | Noticed a centaur warrior
  6110 | D:7      | Killed a centaur warrior
  6111 | D:7      | Reached skill level 12 in Maces & Flails
  6122 | D:7      | Reached skill level 13 in Maces & Flails
  6516 | D:7      | Found a staircase to the Ecumenical Temple.
  6522 | Temple   | Entered the Ecumenical Temple
  6558 | Temple   | Became a worshipper of Warmaster Okawaru
  6618 | D:7      | Found Woxootau's Weapon Shop.
  6650 | D:7      | Found a transporter.
  6654 | D:7      | Noticed a rakshasa
  6665 | D:7      | Found a burning altar of Makhleb.
  6665 | D:7      | Found a hazy altar of Hepliaklqana.
  6666 | D:7      | Found a radiant altar of Vehumet.
  7051 | D:8      | Noticed Grum
  7055 | D:8      | Reached skill level 14 in Maces & Flails
  7066 | D:7      | Reached * piety under Okawaru
  7141 | D:8      | Killed Grum
  7224 | D:8      | Reached skill level 15 in Maces & Flails
  7246 | D:8      | Reached XP level 11. HP: 79/99 MP: 10/10
  7246 | D:8      | Reached ** piety under Okawaru
  7508 | D:8      | Identified 2 scrolls of acquirement
  7509 | D:8      | Found a snail-covered altar of Cheibriados.
  7581 | D:8      | Acquired a manual of Armour
  7583 | D:8      | Acquired 1220 gold pieces
  7978 | D:9      | Paralysed by a hornet for 2 turns
  7985 | D:9      | Paralysed by a hornet for 2 turns
  7989 | D:9      | Gained mutation: You are weak. (Str -2) [potion of
                  | mutation]
  7989 | D:9      | Gained mutation: You are dopey. (Int -2) [potion of
                  | mutation]
  8374 | D:9      | Noticed a centaur warrior
  8387 | D:9      | Killed a centaur warrior
  8391 | D:9      | Reached skill level 16 in Maces & Flails
  8874 | D:9      | Reached skill level 1 in Invocations
  8884 | D:9      | Reached skill level 1 in Evocations
  9015 | D:10     | Entered Level 10 of the Dungeon
  9090 | D:10     | Found a sacrificial altar of Ru.
  9093 | D:10     | Found an ornate altar of the Wu Jian Council.
  9118 | D:10     | Noticed a boulder beetle
  9150 | D:10     | Killed a boulder beetle
  9150 | D:10     | Reached *** piety under Okawaru
  9402 | D:10     | Found a white marble altar of Elyvilon.
  9914 | D:11     | Noticed a two-headed ogre
 10049 | D:11     | Noticed a two-headed ogre
 10083 | D:10     | Killed a two-headed ogre
 10083 | D:10     | Reached **** piety under Okawaru
 10270 | D:10     | Killed a two-headed ogre
 10299 | D:11     | Reached ***** piety under Okawaru
 10533 | D:11     | Noticed a two-headed ogre
 10551 | D:10     | Killed a two-headed ogre
 10558 | D:11     | Reached XP level 12. HP: 110/110 MP: 14/14
 10579 | D:11     | Identified the +0 ring mail of Dishonesty {rElec rF+++
                  | Str-3 Int-5}
 10676 | D:11     | Found a large runed translucent door.
 10679 | D:11     | Found a large runed translucent door.
 10681 | D:11     | Noticed AutarchDCSS's ghost (journeyman CoHu)
 10700 | D:11     | Found a staircase to the Orcish Mines.
 10748 | D:11     | Found a staircase to the Lair.
 11055 | Lair:1   | Entered Level 1 of the Lair of Beasts
 11087 | Lair:1   | Received a gift from Okawaru
 11088 | Lair:1   | Reached skill level 1 in Throwing
 11103 | Lair:1   | Slain by an elephant

Illustrated notes

Levels and vault maps discovered:
D:1:      lightli_arrival_maybe_door_vault, layout_loops_ring,
          grunt_decor_arrowhead, minmay_misc_feat_more_columns, minivault_5,
          serial_bayou_crossing
D:2:      layout_rooms, basic_altar
D:3:      layout_loops_cross, tgw_kikubaaqudgha, serial_shops,
          nicolae_shop_hallway_plus, shapermc_ecumenical_altar_mp_urbaneastern,
          mainiacjoe_sewer_entry_somewhere_in_here_1, uniq_terence, uniq_ijyb,
          uniq_crazy_yiuf_cottage
D:4:      layout_cave_pools, general_overflow_altar
D:5:      layout_layer_cave, gammafunk_ghost_mausoleum, st_stairs_11,
          uniq_grinder
D:6:      layout_loops_ring, mainiacjoe_overflow_24_doors, kennysheep_mini_moat,
          gammafunk_ghost_icy, uniq_pikel
D:7:      nzn_winding_woodlands_medium [nzn_winding_woodlands_5x5_default,
          nzn_winding_woodlands_5x15_river_crossing,
          nzn_winding_woodlands_5x5_closed_star,
          nzn_winding_woodlands_5x5_three, nzn_winding_woodlands_center_lodge,
          nzn_winding_woodlands_hourglass, nzn_winding_woodlands_5x5_cross,
          nzn_winding_woodlands_5x15_default,
          nzn_winding_woodlands_5x5_default], layout_cave_pools,
          gammafunk_temple_overflow_arena, minmay_temple_entry_wispy,
          serial_shops, nicolae_shop_crystal
D:8:      layout_rooms, kennysheep_slug_shrine, uniq_grum
D:9:      layout_gridville
D:10:     layout_roguey, elyvilon_altar_1, jmf_multi_god_temple
D:11:     layout_cave_pools, grunt_lair_entry_orc_guard_hut, orc_0_dummy,
          ebering_ghost_disaster_area, minivault_23,
          nicolae_demonic_statue_gallery
D:12:     layout_loops_ring, kennysheep_kite_vault, uniq_nergalle
Temple:   minmay_temple_curvy_loop
Lair:1:   layout_big_grid, serial_bayou_shore_a, lemuel_fruit_tree

Skill      XL: |  1  2  3  4  5  6  7  8  9 10 11 12 |
---------------+-------------------------------------+-----
Shields        | 4 5 |  5.0
Armour         | 4 5 6 7 8 10 12 | 12.6
Fighting       | 4 5 6 7 8 10 11 | 11.4
Maces & Flails | 3 4 5 6 8 11 15 16 | 16.0
Invocations    | 4 |  4.5
Evocations     | 3 4 |  4.1
Throwing       | 1 |  1.1

Action                     |  1- 3 |  4- 6 |  7- 9 | 10-12 || total
---------------------------+-------+-------+-------+-------++-------
  Melee: Flail             |    56 |       |       |       ||    56
         Headbutt          |    10 |    16 |    55 |   153 ||   234
         Mace              |    17 |    72 |       |       ||    89
         Unarmed           |       |    12 |       |       ||    12
         Morningstar       |       |    44 |    83 |       ||   127
         Whip              |       |       |   136 |   619 ||   755
  Throw: Javelin           |       |     1 |     1 |       ||     2
    Use: Potion            |       |     1 |       |     4 ||     5
         Scroll            |       |       |     4 |     7 ||    11
 Armour: Scale mail        |    43 |    66 |   157 |    90 ||   356
         Skin              |       |     3 |     6 |       ||     9
         Plate armour      |       |       |       |   405 ||   405
  Dodge: Dodged            |    30 |    45 |   103 |   212 ||   390
  Block: Buckler           |    21 |    26 |    38 |   136 ||   221

Table legend: (Time is in decaauts)
 A = Elapsed time spent in this place.
 B = Non-inter-level travel time spent in this place.
 C = Inter-level travel time spent in this place.
 D = Time resting spent in this place.
 E = Time spent auto-exploring this place.
 F = Levels seen in this place.
 G = Mean time per level.
                   A        B        C        D        E       F      G
               +--------+--------+--------+--------+--------+-----+--------+
         Total |  10907 |  10037 |    870 |    800 |   7457 |  15 |  727.1 |
       Dungeon |  10612 |   9811 |    801 |    800 |   7308 |  12 |  884.3 |
        Temple |     71 |      2 |     69 |      0 |      0 |   1 |   71.0 |
          Lair |     28 |     28 |      0 |      0 |      0 |   1 |   28.0 |
         Sewer |    194 |    194 |      0 |      0 |    149 |   1 |  194.0 |
               +--------+--------+--------+--------+--------+-----+--------+

Top non-repeatable levels by time:
     D:5: 1463 daAuts
    D:10: 1376 daAuts
     D:7: 1293 daAuts
     D:3: 1213 daAuts
     D:9: 1051 daAuts
     D:1: 934 daAuts
     D:6: 893 daAuts
     D:2: 622 daAuts
    D:11: 594 daAuts
     D:8: 587 daAuts
     D:4: 580 daAuts
   Sewer: 194 daAuts
  Temple: 71 daAuts
  Lair:1: 28 daAuts
    D:12: 1 daAuts
